Cogmind - Beta 16 @@@ ROGUE MODE // 2025.10.26 @ 18:17:17 Player: x'z Result: Destroyed by 5J-79S(j) with Overtuned Pulse Rifle Performance ------------- Evolutions (0) 0 Regions Visited (3) 600 Robots Destroyed (13) 65 Value Destroyed (197) 197 Prototype IDs (8) 160 Alien Tech Used (0) 0 Bonus (800) 800 TOTAL SCORE: 1822 Bonus ------- Registered with UFD 300 Met Optimus in HQ 500 Cogmind --------- Core Integrity 0/250 Matter 290/300 Energy 58/100 System Corruption 0% Temperature Cool (12) Movement Core (150) Ox2 Location -7/Scraptown Parts ------- > --- POWER (1) -------- (None) > --- PROPULSION (2) --- (None) > --- UTILITY (2) ------ Scrap Suit > --- WEAPON (2) ------- Companion Sword > --- INVENTORY (5) ---- Subdweller Optics Makeshift Targeting Computer Subdweller Shrapnel Launcher Peak State ------------ > --- POWER ------------ Light Nuclear Core > --- PROPULSION ------- Overtuned Titanium Leg Overtuned Titanium Leg > --- UTILITY ---------- Large Storage Unit A0-MCA's Component Scanner > --- WEAPON ----------- Overtuned Pulse Rifle Companion Sword > --- INVENTORY -------- VSS Leg Airjet Scrap Suit Small Storage Unit Subdweller Optics Improved Terrain Scanner Seismic Detector Makeshift Targeting Computer Subdweller Beam Cannon Light Assault Rifle Subdweller Shrapnel Launcher Ripper Scrap Shield Fragment [Rating: 31] Favorites ----------- Power Ion Engine Engine Ion Engine Power Core Light Nuclear Core Propulsion Compact Wheel Leg Overtuned Titanium Leg Wheel Compact Wheel Hover Unit Airjet Utility Large Storage Unit Device Seismic Detector Storage Large Storage Unit Processor A0-MCA's Component Scanner Weapon Medium Laser Energy Gun Medium Laser Ballistic Cannon Gauss Cannon Slashing Weapon Companion Sword Build | -11 -10 -10 -7 ------- Run | Yrd Mat Sub Scr Slots Evolved . | . . . . Power . | . . . . Propulsion . | . . . . Utility . | . . . . Weapon . | . . . . Parts Attached 19 | 7 . 1 11 Power 2 | 1 . . 1 Engine 1 | 1 . . . Core 1 | . . . 1 Reactor . | . . . . Propulsion 7 | 2 . . 5 Treads . | . . . . Leg 2 | . . . 2 Wheel 2 | 2 . . . Hover 3 | . . . 3 Flight . | . . . . Utility 5 | 2 . 1 2 Device 2 | 1 . . 1 Storage 2 | 1 . 1 . Processor 1 | . . . 1 Hackware . | . . . . Protection . | . . . . Artifact . | . . . . Weapon 5 | 2 . . 3 Energy Gun 3 | 2 . . 1 Energy Cannon . | . . . . Ballistic Gun . | . . . . Ballistic Cannon 1 | . . . 1 Launcher . | . . . . Special Weapon . | . . . . Impact Weapon . | . . . . Slashing Weapon 1 | . . . 1 Piercing Weapon . | . . . . Special Melee Weapon . | . . . . Unidentified Prototypes . | . . . . Parts Lost 6 | . . . 6 Power 2 | . . . 2 Propulsion 2 | . . . 2 Utility 1 | . . . 1 Weapon 1 | . . . 1 Highest Loss Streak 2 | . . . 2 To Critical Strikes . | . . . . Average Backups 9 | 2 4 8 11 Power . | . 1 1 . Propulsion . | . . . . Utility 4 | . 2 4 4 Weapon 4 | . 1 3 5 Tool/Special . | . . . . Unused Backups 12 | . . 1 11 Power 1 | . . . 1 Propulsion 1 | . . . 1 Utility 5 | . . 1 4 Weapon 5 | . . . 5 Tool/Special . | . . . . Average Slot Usage (%) 77 | . 100 97 70 Engine 12 | . 14 14 12 Leg 1 | . . . 1 Wheel 25 | . 28 28 24 Device 2 | . 14 11 . Storage 13 | . 14 14 13 Processor 6 | . . . 8 Energy Gun 7 | . 28 28 1 Ballistic Cannon 1 | . . . 2 Slashing Weapon 2 | . . . 3 Peak Build Rating 31 | 7 7 9 31 Average Rating 12 | 5 7 8 14 On Entrance 5 | . 7 7 8 Avg Prop Armor Cover (%) . | . . . . Naked Turns . | . . . . Heaviest Build 36 | 14 14 29 36 Greatest Support 38 | 32 32 32 38 Greatest Overweight (x) 5 | . . . 5 Average Overweight (x) . | . . . . Largest Inventory Capacity 15 | 8 8 15 15 Average Capacity 13 | 7 8 14 14 Most Carried 15 | 5 5 15 15 Average Carried 11 | 2 4 10 13 Final Capacity 15 | 8 8 15 5 Final Carried 14 | 3 5 14 3 Scrap Suit Usage (%) 1 | . . . 1 Class Distribution -------------------- 95% | Mutant 4% | Scavenger-Mutant Dominant Class ---------------- Mutant | -10/Materials Mutant | -10/Subcaves Mutant | -7/Scraptown Resources | -11 -10 -10 -7 ----------- Run | Yrd Mat Sub Scr Matter Collected 497 | 270 . 10 217 Remotely . | . . . . Salvage Created 573 | 193 . . 380 Parts 29 | 17 . . 12 Haulers Intercepted . | . . . . Recyclers Shooed . | . . . . Parts Field Recycled . | . . . . Retrieved Matter . | . . . . Parts Self-Destructed . | . . . . Prevented . | . . . . Parts Restored . | . . . . Kills | -11 -10 -10 -7 ------- Run | Yrd Mat Sub Scr Combat Hostiles Destroyed 5 | . . . 5 Melee 2 | . . . 2 Guns 1 | . . . 1 Cannons 2 | . . . 2 Classes Destroyed 7 | 3 . . 4 Worker 2 | 2 . . . Tunneler 5 | 5 . . . Recycler 1 | 1 . . . Bolteater 2 | . . . 2 Explorer 1 | . . . 1 Ranger 1 | . . . 1 Scrapper 1 | . . . 1 Best Kill Streak 6 | 6 . . 3 Combat Bots Only 3 | . . . 3 Max Kills in Single Turn 1 | 1 . . 1 Gunslinging . | . . . . Exploded . | . . . . Melee 1 | . . . 1 Uniques/NPCs Destroyed . | . . . . Combat | -11 -10 -10 -7 -------- Run | Yrd Mat Sub Scr Hostile Shots Fired 123 | . . . 123 Missed 44 | . . . 44 Hits 79 | . . . 79 Melee 10 | . . . 10 Projectile 69 | . . . 69 AOE 1 | . . 1 . Critical Strikes 3 | . . . 3 Damage Taken 938 | . . 36 902 Core 265 | . . 24 241 Absorbed by Shields . | . . . . Core Remaining (%) 100 | 100 . . . Volleys Fired 40 | 13 1 . 26 Largest 2 | 2 2 . 1 Hottest 90 | 90 90 . 80 Shots Fired 54 | 26 2 . 26 Gun 37 | 26 2 . 9 Cannon 17 | . . . 17 Launcher . | . . . . Special . | . . . . Kinetic 17 | . . . 17 Thermal 37 | 26 2 . 9 Explosive . | . . . . Electromagnetic . | . . . . Robot Hit Streak 8 | 7 8 . 5 Robot Miss Streak 4 | 1 1 . 4 Penetration Max . | . . . . Secondary Targets . | . . . . Shots Hit Robots 33 | 15 1 . 17 Core Hits 13 | 9 . . 4 Critical Kills . | . . . . Critical Parts Destroyed . | . . . . Critical Strikes . | . . . . Melee Attacks 4 | . . . 4 Impact . | . . . . Slashing 4 | . . . 4 Piercing . | . . . . Sneak Attacks . | . . . . Combat Hostiles . | . . . . Follow-up Attacks . | . . . . Damage Inflicted 658 | 228 12 . 418 Guns 372 | 228 12 . 132 Cannons 159 | . . . 159 Explosions . | . . . . Melee 127 | . . . 127 Ramming . | . . . . Kinetic 159 | . . . 159 Thermal 372 | 228 12 . 132 Explosive . | . . . . Electromagnetic . | . . . . Impact . | . . . . Slashing 127 | . . . 127 Piercing . | . . . . Highest Corruption . | . . . . Average Corruption . | . . . . Corruption Purged . | . . . . Corruption Blocked . | . . . . Overload Shots . | . . . . Overflow Damage 45 | . . . 45 Projectiles 4 | . . . 4 Explosions . | . . . . Melee 41 | . . . 41 Knockbacks . | . . . . Impact . | . . . . Kinetic . | . . . . Secondary . | . . . . Self-Inflicted Damage . | . . . . Shots . | . . . . Rammed 1 | . 1 . . Targets Rammed 1 | . 1 . . Kicked . | . . . . Crushed . | . . . . Highest Temperature 273 | 240 30 . 273 Average Temperature 88 | 90 17 . 90 Received Heat Transfer 405 | . . . 405 Effects 1 | . . . 1 Energy Bleed 1 | . . . 1 Siege Activations . | . . . . Martial Activations . | . . . . Shielding Activations . | . . . . Robots Disrupted . | . . . . Combat Hostiles . | . . . . Robots Corrupted . | . . . . Combat Hostiles . | . . . . Parts Fried . | . . . . Impact Corruptions . | . . . . Robots Melted . | . . . . Combat Hostiles . | . . . . Parts Melted 1 | 1 . . . Heat Transferred 981 | 607 37 . 337 Parts Sabotaged . | . . . . Parts Stolen 1 | . . . 1 Parts Stripped . | . . . . Power Chain Reactions . | . . . . Alert | -11 -10 -10 -7 ------- Run | Yrd Mat Sub Scr Maximum Alert Level . | . . . . Low Security (%) 100 | 100 100 . . Level 1 . | . . . . Level 2 . | . . . . Level 3 . | . . . . Level 4 . | . . . . Level 5 . | . . . . High Security . | . . . . Max Security . | . . . . Peak Influence 15 | 15 . . . Initial . | . . . . Average 2 | 3 . . . Influence Increases 40 | 40 . . . Destroy 0b10 Robot/NC 40 | 40 . . . Influence Decreases 40 | 40 . . . Time Decay 40 | 40 . . . Squads Dispatched . | . . . . Investigation . | . . . . Extermination . | . . . . Reinforcement . | . . . . Assault . | . . . . Garrison . | . . . . Intercept . | . . . . Searches Triggered . | . . . . Construction Impeded . | . . . . Haulers Reinforced . | . . . . Active Scanning Responses . | . . . . Cargo Convoy Interrupts . | . . . . Stealth | -11 -10 -10 -7 --------- Run | Yrd Mat Sub Scr Distress Signals . | . . . . Communications Jammed . | . . . . Distress Signals . | . . . . Times Spotted 32 | . 1 2 29 Peak Tracking Total 11 | . 1 1 11 Tactical Retreats 1 | . . . 1 Traps | -11 -10 -10 -7 ------- Run | Yrd Mat Sub Scr Traps Triggered . | . . . . Indirectly . | . . . . Trap Hack Attempts . | . . . . Triggered . | . . . . Disarmed . | . . . . Reprogrammed . | . . . . Reused . | . . . . Traps Extracted . | . . . . Installed . | . . . . Triggered . | . . . . Machines | -11 -10 -10 -7 ---------- Run | Yrd Mat Sub Scr Machines Disabled 1 | . . . 1 Max in Single Turn 1 | . . . 1 Machines Repaired . | . . . . Machines Dismantled . | . . . . Machines Sabotaged . | . . . . Overloaded Fab Kills . | . . . . Hacking | -11 -10 -10 -7 --------- Run | Yrd Mat Sub Scr Machines Accessed 6 | . . . 6 Terminals . | . . . . Fabricators . | . . . . Repair Stations . | . . . . Recycling Units . | . . . . Scanalyzers . | . . . . Garrison Access . | . . . . Total Hacks 34 | . . . 34 Successful 34 | . . . 34 Failed . | . . . . Catastrophic . | . . . . Database Lockouts . | . . . . Manual . | . . . . Terminals . | . . . . Fabricators . | . . . . Repair Stations . | . . . . Recycling Units . | . . . . Scanalyzers . | . . . . Garrison Access . | . . . . Terminal Hacks 34 | . . . 34 Record 33 | . . . 33 Open Door 1 | . . . 1 Fabricator Hacks . | . . . . Repair Station Hacks . | . . . . Recycling Unit Hacks . | . . . . Scanalyzer . | . . . . Garrison Access Hacks . | . . . . Unauthorized Hacks . | . . . . Terminals . | . . . . Fabricators . | . . . . Repair Stations . | . . . . Recycling Units . | . . . . Scanalyzers . | . . . . Garrison Access . | . . . . Data Cores Recovered . | . . . . Used . | . . . . Hacking Detections . | . . . . Full Trace Events . | . . . . Feedback Events . | . . . . Feedback Blocked . | . . . . Robot Schematics Acquired . | . . . . Robots Built . | . . . . Authchips . | . . . . Time . | . . . . Total Robot Build Rating . | . . . . Part Schematics Acquired . | . . . . Parts Built . | . . . . Authchips . | . . . . Time . | . . . . Total Part Build Rating . | . . . . Part Studies Acquired . | . . . . Parts Repaired . | . . . . Time . | . . . . Parts Recycled . | . . . . Recycled Matter . | . . . . Retrieved Matter . | . . . . Retrieved Components . | . . . . Parts Scanalyzed . | . . . . Part Schematics Acquired . | . . . . Parts Damaged . | . . . . Bothacking | -11 -10 -10 -7 ------------ Run | Yrd Mat Sub Scr Used RIF Installer . | . . . . Robots Hacked . | . . . . Non-combat . | . . . . Combat . | . . . . Robot Hacks Applied . | . . . . Relay Couplers Released . | . . . . Fabnet Peak Effective % . | . . . . Robots Rewired . | . . . . Allies Hacked . | . . . . Hacks Repelled . | . . . . Allies | -11 -10 -10 -7 -------- Run | Yrd Mat Sub Scr Total Allies . | . . . . Largest Group . | . . . . Highest-Rated Group . | . . . . Highest-Rated Ally . | . . . . Total Orders . | . . . . Ally Attacks . | . . . . Total Damage . | . . . . Kills . | . . . . Allies Corrupted . | . . . . Allies Melted 4 | . . . 4 Intel | -11 -10 -10 -7 ------- Run | Yrd Mat Sub Scr Active Infowar (turns) 347 | 59 83 205 . Seismic 347 | 59 83 205 . Robot Analysis Total . | . . . . Derelict Logs Recovered 4 | . . 1 3 Drone Launches . | . . . . Drone Recoveries . | . . . . Exploration | -11 -10 -10 -7 ------------- Run | Yrd Mat Sub Scr Turns Passed 1601 | 156 83 243 1119 Spaces Moved 1324 | 110 60 151 1003 Core 22 | 20 . . 2 Treads . | . . . . Legs 46 | . . . 46 Wheels 1208 | 90 60 151 907 Hover 48 | . . . 48 Flight . | . . . . Fastest Speed 50 | 50 100 100 56 Average Speed 99 | 90 100 100 100 Slowest Speed 360 | 100 100 100 360 Overloaded Moves . | . . . . Propulsion Burnouts . | . . . . Robots Hopped . | . . . . Potential Cave-ins . | . . . . Cave-ins Triggered . | . . . . Exploration Rate (%) 26 | 4 17 14 70 Regions Visited 3 Branch Regions 2 Pre-discovered Areas 1 | . . . 1 Known Exits Taken . | . . . . Unknown Exits Taken 3 | 1 1 1 . Scrap Searched 3 | . . 2 1 Spaces Dug . | . . . . Terrain Destroyed 9 | . . . 9 Melee . | . . . . Projectile 9 | . . . 9 AOE . | . . . . Terrain Rammed . | . . . . Walls Destroyed . | . . . . Machines Disabled . | . . . . Actions | -11 -10 -10 -7 --------- Run | Yrd Mat Sub Scr Total 1563 | 140 81 243 1099 Wait 115 | 1 18 82 14 Move 1321 | 109 59 150 1003 Hop . | . . . . Pick Up 35 | 10 2 8 15 Fast Attach 1 | . . . 1 Attach 19 | 7 . . 12 Detach 2 | . . 1 1 Swap 1 | . . 1 . Drop 23 | . . 1 22 Fire 40 | 13 1 . 26 Melee 4 | . . . 4 Ram 1 | . 1 . . Kick . | . . . . Crush . | . . . . Escape Stasis . | . . . . Rewire 1 | . . . 1 Trap . | . . . . Miscellaneous . | . . . . Route ------- -11/Scrapyard -10/Materials -10/Subcaves -7/Scraptown (discovered 2 exits: *Fac x2) History --------- Turn | Location | Event 6 | -11/Scrapyard | Discovered new exit (range 16) 157 | -11/Scrapyard | Entered Materials 158 | -10/Materials | Met a group of wandering Federalists 238 | -10/Materials | Discovered new exit (range 3) 240 | -10/Materials | Entered Subcaves 240 | -10/Subcaves | Accompanied by 2 allies 241 | -10/Subcaves | Continued accompanying wandering Federalists (6) 241 | -10/Subcaves | Approached by a straggling Scientist 309 | -10/Subcaves | Build established: Mutant 440 | -10/Subcaves | Learned location of 1 exit from Materials 453 | -10/Subcaves | Lost 3 allies 475 | -10/Subcaves | Wandering Federalist uncovered a shortcut to Scraptown 483 | -10/Subcaves | Entered Scraptown 690 | -7/Scraptown | Scanned Subdweller tech in exchange for log data 692 | -7/Scraptown | Learned location of Armory (-4) 693 | -7/Scraptown | Learned location of 2 exits from Upper Caves 694 | -7/Scraptown | Learned Research stockpile data 760 | -7/Scraptown | Discovered new exit (range 5) 798 | -7/Scraptown | Visited Symbiants 830 | -7/Scraptown | Visited Scrapoid Research Area 873 | -7/Scraptown | Visited UFD Registry 873 | -7/Scraptown | Registered with UFD as "Zerocycle" 879 | -7/Scraptown | Heard Great Nut preacher, LISTEN AND RECITE! 906 | -7/Scraptown | Visited A0-MCA Data Center 912 | -7/Scraptown | Given a C+ rating by A0-MCA 916 | -7/Scraptown | Found A0-MCA's Component Scanner 940 | -7/Scraptown | Visited Junk Repository 999 | -7/Scraptown | Delivered Scrap Shield to a Scientist 1145 | -7/Scraptown | Met Optimus 1145 | -7/Scraptown | Accepted into 0bPrime 1280 | -7/Scraptown | Visited Sword Containment 1295 | -7/Scraptown | Civil war broke out across Scraptown 1343 | -7/Scraptown | Visited Scrap Suit Storage 1348 | -7/Scraptown | Found Scrap Suit 1432 | -7/Scraptown | Identified exit to Factory 1523 | -7/Scraptown | Core integrity fell below 50% 1597 | -7/Scraptown | Core integrity fell below 20% 1602 | -7/Scraptown | Destroyed by 5J-79S(j) with Overtuned Pulse Rifle Last Messages --------------- Bolt penetrates Reinforced Barrier. ON-OCL(r) destroyed. Slug penetrates MH-6W3(h). Bolt penetrates Optimus. Bolt penetrates 2X-X8H(E). 2X-X8H(E) destroyed. Bolt penetrates Optimus. Airjet destroyed. Bolt penetrates Optimus. Destroyed Ripteeth. VE-29P(r) destroyed. Ovr. Pulse Rifle ripped off. Slug penetrates MH-6W3(h). Slug penetrates Z4-OQO(j). Bolt penetrates MH-6W3(h). Destroyed Ripteeth. A0-MCA's Component Scanner destroyed. Bolt penetrates Optimus. P3-57X(j) heat damages Ovr. Titanium Leg. Bolt penetrates Optimus. Map ----- +----------------------------------------------------+ | ##"""####?????# """""#????????????????????? | | " ############### " " " #????????????????????? | | " #""""""""""""##""" #????????????????????? | | " #""""""X"""""#" ""! = #????????????????????? | | # #"" " " ""#" " " #????????????????????? | | # #"" ""#" [ """#????????????????????? | | # #"" ""#" !%!"""#????????????????????? | | #"" ""## ! """#????????????????????? | | #"" ""## " #????????????????????? | | # #" "#" #????????????????????? | | # #" %= #????????????????????? | | # ### ########"#"!*/#;#######??????????????????? | | [%! #??????????????????? | | [! *%=!=%=! [ #??????????????????? | | !%! =*[%*=%%!% #??????????????????? | | == =!*!!==!!!=!= #??????????????????? | | !% !=!j[=*==* #??????????????????? | | #############*![%!!=!![! #??????????????????? | | !#??????????# !!!%%![*%! #??????????????????? | | * #???????????# =[&%!!%== #???????? ?????? | | = ![#????????????#!==[=!%= #???????? "?### | | [=!%#?????????????#[[[==!=! #???????" ""# | | [%!=#?????????????# %%=*%%! #???????? "# | | !![ #######?####### *=%![r=! ###?????"%% ""# | | &%*!= ; ;[!!=!! ""#"#???? ! !""# | | =[=%# ##### =!%=[@%! """"#???" ***!""# | | !# " #???##!%!! =* ""###???#"[*%[% " | | !" """ #????#;! [= ###?????#"%!!== " | | !![%# """ #????#; %=%! #########=!/![! "# | | !%=*! """ #????## *!= %=[=% "# | | **%=# """ #????#; !%!![ [%! =[! "# | | ==%# ####?## =3= !! %= =%! ""# | | !# ## #??#j ! *%=!= ! /! ""# | | [!###"#######"=###=jh [TT[=%*%= %!= "### | | !%=*![=%=*![!*%= [*=h %TT%= ![! * [% """" | | !=!!=%!!%*%[%!=! =%=j =% == """"" | | *!%!==!=[=! * !&=j! % ! | | !%=[![!!!]/ %[ [ | | [!!*%!!&[ ! %= | | !%=%/![=! ! #""""#"[!* | | !!=*[% ==| =%= #????#"=%! | | [%= = *%! *! #????#"""""" """ | | "" ""########### ##########=%!####????####### #""" | | " =!????????#" ???????# = #?????????# " | | #""!%"????????#" ?????# #?????????#""" """ | | #"""!=????????#" ????# #?????????#""" """" | | #" ????????#" " ???# #?????????#"!" """ | | ?" ?????????" " "?????# #?????????#""" """ | | ?" *[ ?????????" """?????# #?????????#""" """ | | ???=%??????????" ???????# #?????????#""""""""" | +----------------------------------------------------+ Best States ------------- Heat Dissipation 25 Energy Generation 14 Energy Capacity 250 Matter Stores 300 Matter Capacity 300 Sight Range 16 Terrain Scan Density 10 Evasion (%) 55 Item Schematics ----------------- None Robot Schematics ------------------ None Fabricated ------------ Nothing Repaired ---------- Nothing Studied --------- None Alien Tech Used ----------------- None Achievements -------------- Civilization 2243 Link The Feds Strength In Numbers Challenges ------------ None Game ------ Seed VortexInterceptCloak Manual? 0 Play Time 00:32:14 Cumulative 7.1 hours Start 2025.10.26 @ 17:40:52 End 2025.10.26 @ 18:17:17 Sessions 1 Manual Loads 0 Difficulty Rogue Special Mode None Game No. 18 Rogue 18 Adventurer 0 Explorer 0 Win Type - Total 0 Types 0/0/0/0/0/0/0/0/0/0 Lore% 8 Gallery% 13 Achievement% 13 Wizard Run 0 Options --------- Layout 1 ASCII 0 Keyboard 0 Movement Numpad Keybinds 0 Fullscreen 1 Font 32/SmallcapsGlow Map View 50x35 Zoom Use 0% Tactical HUD 0 Map Filters NONE Filters NONE Steam 1 RUN: 671b73ad-e8c4-475f-bf39-421c3d59de28